 Dungeon Crawl Stone Soup version 0.31-a0-524-g2a164cf6a2 (webtiles) character file.

Game seed: 16566413409896057371

167 AdnanSaban the Covered (level 5, -1/33 HPs)
             Began as a Gargoyle Fighter on Aug 12, 2023.
             Killed from afar by Natasha (8 damage)
             ... with a magic dart
             ... on level 3 of the Dungeon.
             The game lasted 00:01:38 (2491 turns).

AdnanSaban the Covered (Gargoyle Fighter)           Turns: 2491, Time: 00:01:38

Health: -1/33      AC:  0    Str: 22    XL:     5   Next: 48%
Magic:  5/5        EV: 18    Int:  8    God:
Gold:   93         SH:  0    Dex: 14    Spells: 4/4 levels left

rFire   . . .        a - melded +0 flail
rCold   . . .        c - melded +0 buckler
rNeg    + . .        b - melded +0 scale mail
rPois   ∞            (helmet currently unavailable)
rElec   .            (cloak currently unavailable)
rCorr   .            (gloves currently unavailable)
SInv    .            (boots currently unavailable)
Will    .....        (no amulet)
Stlth   +            (ring currently unavailable)
HPRegen 0.25/turn    (ring currently unavailable)
MPRegen 0.09/turn

%: no passive effects
@: bat-form, flying, very quick
A: fast, flying, no casting, sickness immunity, AC +4, tiny, negative energy
resistance 1, (electricity resistance), torment resistance 1, petrification
resistance
a: no special abilities


You were on level 3 of the Dungeon.
You were a bat.
You visited 1 branch of the dungeon, and saw 3 of its levels.

You collected 93 gold pieces.

Inventory:

Hand Weapons
 a - a +0 flail (melded)
Missiles
 j - 4 boomerangs
Armour
 b - a +0 scale mail (melded)
 c - a +0 buckler (melded)
Wands
 q - a wand of mindburst (12)
Scrolls
 h - 3 scrolls of identify {unknown}
 i - 2 scrolls of revelation {unknown}
 m - a scroll of enchant weapon {unknown}
 n - a scroll of noise {unknown}
 p - a scroll of vulnerability {unknown}
 r - a scroll of blinking {unknown}
 t - a scroll of fear {unknown}
 u - a scroll of enchant armour {unknown}
Potions
 d - a potion of might
 e - 2 potions of magic {unknown}
 f - a potion of mutation {unknown}
 g - 2 potions of heal wounds {unknown}
 k - a potion of invisibility {unknown}
 l - a potion of ambrosia {unknown}
 o - a potion of cancellation {unknown}
 s - a potion of resistance {unknown}


   Skills:
 + Level 4.1 Fighting
 + Level 3.6 Maces & Flails
 + Level 4.3 Armour
 + Level 0.6 Dodging
 + Level 3.8 Shields


You had 4 spell levels left.
You didn't know any spells.
Your spell library was empty.

Dungeon Overview and Level Annotations

Branches:
Dungeon (3/15)

Altars:
Gozag

Shops:
D:1 =   D:2 ?

Annotations:
D:3 Natasha


Innate Abilities, Weirdness & Mutations

You are a bat.
You are tiny and dextrous.
You move quickly.
You are flying.
Your equipment is almost entirely melded.
You are incapable of wielding weapons or throwing items.
You cannot cast spells.
You are immune to sickness and miasma.
((Your stone body is resilient. (AC +4)))
You are immune to poison.
You resist negative energy. (rN+)
((You are resistant to electric shocks. (rElec)))
You are resistant to unholy torment.
You are immune to petrification.


Message History

Natasha is lightly wounded.
The cerulean imp hits you from afar with a +2 spear.
The cerulean imp hits you from afar with a +1 spear.
Natasha completely misses you.
You hit Natasha but do no damage.
Natasha is lightly wounded.
The cerulean imp hits you from afar with a +2 spear.
The cerulean imp closely misses you. Natasha misses you.
You are too injured to fight recklessly!
You are too injured to fight recklessly!
You are too injured to fight recklessly!
You are too injured to fight recklessly!
You are too injured to fight recklessly!
You are too injured to fight recklessly!
You are too injured to fight recklessly!
You are too injured to fight recklessly!
You are too injured to fight recklessly!
You are too injured to fight recklessly!
You are too injured to fight recklessly!
You are too injured to fight recklessly!
You are too injured to fight recklessly!
You are too injured to fight recklessly!
You are too injured to fight recklessly!
You are too injured to fight recklessly!
You are too injured to fight recklessly!
You are too injured to fight recklessly!
You hit Natasha.
Natasha is moderately wounded.
The cerulean imp misses you. x2; Natasha misses you.
You barely miss Natasha.
Natasha is moderately wounded.
The cerulean imp completely misses you. The cerulean imp barely misses you.
Natasha claws you!
* * * LOW HITPOINT WARNING * * *
You hit Natasha but do no damage.
Natasha is moderately wounded.
The cerulean imp closely misses you. The cerulean imp barely misses you.
Natasha stares at you and mumbles some strange words.
The magic dart hits you!
You die...

#.#....# #.# #.#..#.###.
#.#...(# #.# #.#........
#.#....# #.# #.##.####..
##.###.#....# #.# #.##....#..
.............# #.####.#####.#..
.............# #......# ##....
...........5.# #..##### #....#
...........5.###..########.#.##
............h.b........).#.#.##
#########................#.#..#
#.......##.......#.##..
#.......##.......#.###.
#.......##.....#+#.###.
#.......##.............
######'###..........###
######.# #..........# #......#
#..........#


You could see Natasha and 2 cerulean imps.

Vanquished Creatures
  Natasha (twice) (D:3)
  4 adders
  2 gnolls (D:1)
  A worm (D:2)
  A dart slug (D:1)
  4 orcs (D:3)
  5 ball pythons
  2 bats
  6 endoplasms
  A giant cockroach (D:2)
  5 goblins
  2 hobgoblins
  7 jackals
  2 frilled lizards (D:1)
  6 kobolds
  5 rats
55 creatures vanquished.

Notes
Turn   | Place    | Note
-------+----------+-------------------------------------------
     0 | D:1      | AdnanSaban the Gargoyle Fighter began the quest for the
                  | Orb.
     0 | D:1      | Reached XP level 1. HP: 14/14 MP: 1/1
    50 | D:1      | Reached XP level 2. HP: 3/19 MP: 2/2
   264 | D:1      | Found Ytosynt Keke's Jewellery Shoppe.
   554 | D:1      | Reached XP level 3. HP: 19/24 MP: 3/3
  1200 | D:2      | Found Hojedeid's Magic Scroll Shop.
  1218 | D:2      | Reached XP level 4. HP: 29/29 MP: 4/4
  1644 | D:3      | Found an opulent altar of Gozag.
  1652 | D:3      | Found a faded altar of an unknown god.
  1942 | D:3      | Noticed Natasha
  1955 | D:3      | Killed Natasha
  1956 | D:3      | Reached XP level 5. HP: 30/33 MP: 5/5
  2047 | D:3      | Noticed Natasha
  2062 | D:3      | HP: 1/33 [Natasha (5)]
  2064 | D:3      | Killed Natasha
  2474 | D:3      | Noticed Natasha
  2491 | D:3      | Killed from afar by Natasha

Illustrated notes

Levels and vault maps discovered:
D:1:      lightli_arrival_lavapool, layout_loops_corners, serial_shops, shop
D:2:      layout_rooms, serial_shops, shop, st_stairs_4,
          chequers_serial_rivers_small_3
D:3:      layout_basic, lemuel_crystal_altar,
          ebering_ecumenical_altar_sacrificial, minmay_distorted, uniq_natasha

Skill      XL: |  1  2  3  4 |
---------------+-------------+-----
Armour         | 4 |  4.3
Fighting       | 4 |  4.1
Maces & Flails | 3 |  3.6
Dodging        | |  0.6
Shields        | |  3.8

Action                     |  1- 3 |  4- 6 || total
---------------------------+-------+-------++-------
  Melee: Flail             |   106 |   103 ||   209
         Unarmed           |       |     5 ||     5
 Armour: Scale mail        |    95 |    57 ||   152
  Dodge: Dodged            |    75 |    61 ||   136
  Block: Buckler           |    23 |    21 ||    44

Table legend: (Time is in decaauts)
 A = Elapsed time spent in this place.
 B = Non-inter-level travel time spent in this place.
 C = Inter-level travel time spent in this place.
 D = Time resting spent in this place.
 E = Time spent auto-exploring this place.
 F = Levels seen in this place.
 G = Mean time per level.
                   A        B        C        D        E       F      G
               +--------+--------+--------+--------+--------+-----+--------+
         Total |   2558 |   2517 |     41 |    120 |   1932 |   3 |  852.7 |
       Dungeon |   2558 |   2517 |     41 |    120 |   1932 |   3 |  852.7 |
               +--------+--------+--------+--------+--------+-----+--------+

Top non-repeatable levels by time:
     D:1: 1076 daAuts
     D:3: 863 daAuts
     D:2: 617 daAuts
